3L
KINGSTON TOWNSHIP LEGION @ CHICAGO HAWKS
08/20/2026
 
TOP OF THE 1ST
Kingston Township Legion batting - Pitching for Chicago Hawks : RHP Horace McKenzie
Pitching: RHP Horace McKenzie
Batting: LHB Forrest McCooke 0-0: Bunted foul
0-1: Ball
1-1: SINGLE (Groundball, 23) (infield hit)
Batting: LHB Andrés Chávez Pickoff Throw to First - Out!
0-0: Ball
1-0: Ball
2-0: Ground out 4-3 (Groundball, 4)
Batting: LHB Christian Blair 0-0: Ball
1-0: Fly out, F8 (Flyball, 8RM)
Top of the 1st over - 0 run(s), 1 hit(s), 0 error(s), 0 left on base; Kingston Township 0 - Chicago 0
BOTTOM OF THE 1ST
Chicago Hawks batting - Pitching for Kingston Township Legion : RHP Alfonso Miranda
Pitching: RHP Alfonso Miranda
Batting: LHB Scott Janousek 0-0: Ground out 1-3 (Groundball, P)
Batting: SHB Evan Adams 0-0: Swinging Strike
0-1: Ball
1-1: Foul Ball, location: 2F
1-2: Ball
2-2: Foul Ball, location: 2F
2-2: Fly out, F7 (Flyball, 7LS)
Batting: RHB Robbie Roach 0-0: Ball
1-0: Ball
2-0: Ball
3-0: Foul Ball, location: 2F
3-1: Fly out, F2 (Popup, 56S)
Bottom of the 1st over - 0 run(s), 0 hit(s), 0 error(s), 0 left on base; Kingston Township 0 - Chicago 0
TOP OF THE 2ND
Kingston Township Legion batting - Pitching for Chicago Hawks : RHP Horace McKenzie
Batting: RHB Jeffery Campbell 0-0: Ball
1-0: Foul Ball, location: 2F
1-1: Ball
2-1: Ball
3-1: Base on Balls
Batting: RHB EP Weston 0-0: Ball
1-0: Foul Ball, location: 2F
1-1: Ball
2-1: Called Strike
2-2: Strikes out swinging
Batting: LHB Ye Der 0-0: Ball
1-0: Called Strike
1-1: SINGLE (Flyball, 8RS)
Jeffery Campbell to second
Batting: RHB Jim Scott 0-0: Foul Ball, location: 2F
0-1: Called Strike
0-2: SINGLE (Flyball, 8RS)
Jeffery Campbell to third
Ye Der to second
Runner from 3rd tries for Home, SAFE, throw made home
Ye Der to third
Jim Scott to second
Batting: RHB José Icaza 0-0: Reached on error, E5 (Groundball, 5)
Ye Der scores
Jim Scott scores
Batting: RHB Juan Aguirre 0-0: Ball
1-0: Ball
2-0: Called Strike
2-1: Swinging Strike
2-2: Ball
3-2: Strikes out swinging
Batting: LHB Forrest McCooke 0-0: Ground out 4-3 (Groundball, 4)
Top of the 2nd over - 3 run(s), 2 hit(s), 1 error(s), 1 left on base; Kingston Township 3 - Chicago 0
BOTTOM OF THE 2ND
Chicago Hawks batting - Pitching for Kingston Township Legion : RHP Alfonso Miranda
Batting: LHB Jeff Rutherford 0-0: Called Strike
0-1: Ball
1-1: Fly out, F9 (Flyball, 9D)
Batting: LHB Raúl Aguirre 0-0: Called Strike
0-1: Swinging Strike
0-2: Ball
1-2: Ball
2-2: Foul Ball, location: 2F
2-2: SINGLE (Groundball, 4D)
Batting: RHB Pablo Trujillo 0-0: Ball
Raúl Aguirre is caught stealing 2nd base
1-0: Swinging Strike
1-1: Fly out, F9 (Flyball, 89M)
Bottom of the 2nd over - 0 run(s), 1 hit(s), 0 error(s), 0 left on base; Kingston Township 3 - Chicago 0
TOP OF THE 3RD
Kingston Township Legion batting - Pitching for Chicago Hawks : RHP Horace McKenzie
Batting: LHB Andrés Chávez 0-0: Ball
1-0: Ball
2-0: Called Strike
2-1: Ball
3-1: Ground out U3 (Groundball, 3S)
Batting: LHB Christian Blair 0-0: Called Strike
0-1: Ball
1-1: Called Strike
1-2: Foul Ball, location: 2F
1-2: Fly out, F2 (Popup, 5S)
Batting: RHB Jeffery Campbell 0-0: Called Strike
0-1: Ground out 6-3 (Groundball, 6)
Top of the 3rd over - 0 run(s), 0 hit(s), 0 error(s), 0 left on base; Kingston Township 3 - Chicago 0
BOTTOM OF THE 3RD
Chicago Hawks batting - Pitching for Kingston Township Legion : RHP Alfonso Miranda
Batting: LHB Perry Bothof 0-0: Fly out, F4 (Popup, 34)
Batting: RHB Vincente Rotham 0-0: Ball
1-0: Ball
2-0: Foul Ball, location: 2F
2-1: Ground out U3 (Groundball, 34)
Batting: RHB Pedro Longoria 0-0: Called Strike
0-1: Ball
1-1: Foul Ball, location: 2F
1-2: Strikes out swinging
Bottom of the 3rd over - 0 run(s), 0 hit(s), 0 error(s), 0 left on base; Kingston Township 3 - Chicago 0
TOP OF THE 4TH
Kingston Township Legion batting - Pitching for Chicago Hawks : RHP Horace McKenzie
Batting: RHB EP Weston 0-0: Ball
1-0: Ball
2-0: Swinging Strike
2-1: Ball
3-1: Base on Balls
Batting: LHB Ye Der 0-0: Ball
1-0: Ground out U3 (Groundball, 3L)
EP Weston to second
Batting: RHB Jim Scott 0-0: Called Strike
0-1: SINGLE (Groundball, 56S) (infield hit)
EP Weston to third
Batting: RHB José Icaza 0-0: Grounds into double play, 5-4-3 (Groundball, 5)
Top of the 4th over - 0 run(s), 1 hit(s), 0 error(s), 1 left on base; Kingston Township 3 - Chicago 0
BOTTOM OF THE 4TH
Chicago Hawks batting - Pitching for Kingston Township Legion : RHP Alfonso Miranda
Batting: LHB Scott Janousek 0-0: Called Strike
0-1: Called Strike
0-2: Ball
1-2: Fly out, F7 (Line Drive, 7)
Batting: SHB Evan Adams 0-0: Ball
1-0: Called Strike
1-1: SINGLE (Flyball, 7S)
Batting: RHB Robbie Roach 0-0: Grounds into double play, 5-4-3 (Groundball, 5)
Bottom of the 4th over - 0 run(s), 1 hit(s), 0 error(s), 0 left on base; Kingston Township 3 - Chicago 0
TOP OF THE 5TH
Kingston Township Legion batting - Pitching for Chicago Hawks : RHP Horace McKenzie
Batting: RHB Juan Aguirre 0-0: Swinging Strike
0-1: Ball
1-1: Foul Ball, location: 2F
1-2: DOUBLE (Line Drive, 7D)
Batting: LHB Forrest McCooke 0-0: Ball
1-0: Sac Bunt - play at first, batter safe!
Juan Aguirre to third
Batting: LHB Andrés Chávez 0-0: Fly out, F8 (Flyball, 8RS)
Runner from 3rd tags up, SCORES, no throw
Batting: LHB Christian Blair 0-0: Called Strike
0-1: Ball
1-1: Ball
2-1: Foul Ball, location: 2F
2-2: Ball
3-2: Foul Ball, location: 2F
3-2: Foul Ball, location: 2F
3-2: SINGLE (Groundball, 4MD)
Forrest McCooke to second
Forrest McCooke to third
Batting: RHB Jeffery Campbell 0-0: Fly out, F9 (Flyball, 89S)
Runner from 3rd tags up, SCORES, no throw
Batting: RHB EP Weston 0-0: Swinging Strike
0-1: Fielders Choice at 2nd, 5-4 (Groundball, 56)
Top of the 5th over - 2 run(s), 3 hit(s), 0 error(s), 0 left on base; Kingston Township 5 - Chicago 0
BOTTOM OF THE 5TH
Chicago Hawks batting - Pitching for Kingston Township Legion : RHP Alfonso Miranda
Batting: LHB Jeff Rutherford 0-0: Ball
1-0: Foul Ball, location: 2F
1-1: SINGLE (Groundball, 56D)
Batting: LHB Raúl Aguirre 0-0: Called Strike
0-1: Ball
1-1: Ball
2-1: Ball
3-1: Base on Balls
Jeff Rutherford to second
Batting: RHB Pablo Trujillo 0-0: Foul Ball, location: 2F
0-1: Grounds into double play, 4-6-3 (Groundball, 4)
Jeff Rutherford to third
Batting: LHB Perry Bothof 0-0: Ball
1-0: Ball
2-0: Swinging Strike
2-1: Ground out 4-3 (Groundball, 4MD)
Bottom of the 5th over - 0 run(s), 1 hit(s), 0 error(s), 1 left on base; Kingston Township 5 - Chicago 0
TOP OF THE 6TH
Kingston Township Legion batting - Pitching for Chicago Hawks : RHP Horace McKenzie
Pitching: RHP Teddy Perkins
Batting: LHB Ye Der 0-0: Called Strike
0-1: Ball
1-1: Ground out 5-3 (Groundball, 25)
Batting: RHB Jim Scott 0-0: Ball
1-0: Ball
2-0: Called Strike
2-1: Called Strike
2-2: Ball
3-2: Foul Ball, location: 2F
3-2: Ground out U3 (Groundball, 3)
Batting: RHB José Icaza 0-0: Called Strike
0-1: Called Strike
0-2: Ball
1-2: Ball
2-2: Foul Ball, location: 2F
2-2: Ball
3-2: Reached on error, E5 (Groundball, 5)
Batting: RHB Juan Aguirre 0-0: Called Strike
0-1: Ball
1-1: Called Strike
1-2: Fielders Choice at 2nd, 6-4 (Groundball, 6)
Top of the 6th over - 0 run(s), 0 hit(s), 1 error(s), 0 left on base; Kingston Township 5 - Chicago 0
BOTTOM OF THE 6TH
Chicago Hawks batting - Pitching for Kingston Township Legion : RHP Alfonso Miranda
Batting: RHB Vincente Rotham 0-0: Foul Ball, location: 2F
0-1: SINGLE (Line Drive, 9S)
Batting: RHB Pedro Longoria 0-0: Ball
1-0: Foul Ball, location: 2F
1-1: Ball
2-1: Called Strike
2-2: Ball
Vincente Rotham steals 2nd base
3-2: Foul Ball, location: 2F
3-2: Strikes out looking
Batting: LHB Scott Janousek 0-0: Called Strike
0-1: Ball
1-1: Ball
2-1: Foul Ball, location: 2F
2-2: SINGLE (Line Drive, 6D)
Vincente Rotham to third
Runner from 3rd tries for Home, SAFE, no throw
Batting: SHB Evan Adams 0-0: Ball
1-0: Ball
2-0: Ball
3-0: Called Strike
3-1: Called Strike
3-2: Fly out, F7 (Flyball, 7D)
Batting: RHB Robbie Roach 0-0: Ball
1-0: Ball
2-0: Ball
3-0: Base on Balls
Scott Janousek to second
Batting: LHB Jeff Rutherford 0-0: Foul Ball, location: 2F
0-1: Foul Ball, location: 2F
0-2: Ball
1-2: Ground out 6-3 (Groundball, 6M)
Bottom of the 6th over - 1 run(s), 2 hit(s), 0 error(s), 2 left on base; Kingston Township 5 - Chicago 1
TOP OF THE 7TH
Kingston Township Legion batting - Pitching for Chicago Hawks : RHP Teddy Perkins
Batting: LHB Forrest McCooke 0-0: Ball
1-0: Ball
2-0: DOUBLE (Flyball, 8LXD)
Batting: LHB Andrés Chávez 0-0: Ball
1-0: Foul Ball, location: 2F
1-1: Ball
2-1: Ball
3-1: Fly out, F4 (Popup, 4MD)
Batting: LHB Christian Blair 0-0: Intentional Walk
Batting: RHB Jeffery Campbell 0-0: Grounds into double play, 6-4-3 (Groundball, 6)
Top of the 7th over - 0 run(s), 1 hit(s), 0 error(s), 1 left on base; Kingston Township 5 - Chicago 1
BOTTOM OF THE 7TH
Chicago Hawks batting - Pitching for Kingston Township Legion : RHP Alfonso Miranda
Batting: LHB Raúl Aguirre 0-0: Called Strike
0-1: Ball
1-1: Swinging Strike
1-2: Ball
2-2: Strikes out looking
Batting: RHB Pablo Trujillo 0-0: Ball
1-0: Swinging Strike
1-1: Ball
2-1: Ball
3-1: SINGLE (Groundball, 15S) (infield hit)
Batting: LHB Perry Bothof 0-0: Ball
1-0: Grounds into double play, 4-6-3 (Groundball, 4)
Bottom of the 7th over - 0 run(s), 1 hit(s), 0 error(s), 0 left on base; Kingston Township 5 - Chicago 1
TOP OF THE 8TH
Kingston Township Legion batting - Pitching for Chicago Hawks : RHP Teddy Perkins
Batting: RHB EP Weston 0-0: Ball
1-0: Called Strike
1-1: Foul Ball, location: 2F
1-2: Foul Ball, location: 2F
1-2: SOLO HOME RUN (Flyball, 7D), Distance : 359 ft
Batting: LHB Ye Der 0-0: Ball
1-0: Ball
2-0: Fly out, F8 (Line Drive, 8RM)
Batting: RHB Jim Scott 0-0: Ball
1-0: Ball
2-0: Ball
3-0: Called Strike
3-1: Called Strike
3-2: SOLO HOME RUN (Flyball, 7D), Distance : 345 ft
Batting: RHB José Icaza 0-0: Called Strike
0-1: Ball
1-1: Swinging Strike
1-2: Ground out 5-3 (Groundball, 5)
Batting: RHB Juan Aguirre 0-0: Ball
1-0: SINGLE (Groundball, 5D)
Batting: LHB Forrest McCooke 0-0: Ground out 1-3 (Groundball, P)
Top of the 8th over - 2 run(s), 3 hit(s), 0 error(s), 1 left on base; Kingston Township 7 - Chicago 1
BOTTOM OF THE 8TH
Chicago Hawks batting - Pitching for Kingston Township Legion : RHP Alfonso Miranda
Batting: RHB Vincente Rotham 0-0: Called Strike
0-1: Called Strike
0-2: Foul Ball, location: 2F
0-2: Ball
1-2: Foul Ball, location: 2F
1-2: Ball
2-2: SINGLE (Groundball, 34D)
Pitching: RHP John Riggleman
Batting: RHB Pedro Longoria 0-0: Called Strike
0-1: Ball
1-1: Swinging Strike
1-2: Strikes out swinging
Batting: LHB Scott Janousek 0-0: Called Strike
0-1: Ball
1-1: DOUBLE (Flyball, 89D)
Vincente Rotham to third
Batting: SHB Evan Adams 0-0: Ground out 1-3 (Groundball, 13)
Batting: RHB Robbie Roach 0-0: Ball
1-0: Foul Ball, location: 2F
1-1: Foul Ball, location: 2F
1-2: Foul Ball, location: 2F
1-2: Ball
2-2: Ball
3-2: Foul Ball, location: 2F
3-2: Foul Ball, location: 2F
3-2: Base on Balls
Batting: LHB Jeff Rutherford 0-0: Ball
1-0: Ball
2-0: Fly out, F7 (Flyball, 7LMF)
Bottom of the 8th over - 0 run(s), 2 hit(s), 0 error(s), 3 left on base; Kingston Township 7 - Chicago 1
TOP OF THE 9TH
Kingston Township Legion batting - Pitching for Chicago Hawks : RHP Teddy Perkins
Batting: LHB Andrés Chávez 0-0: Called Strike
0-1: Ball
1-1: Called Strike
1-2: Ball
2-2: Foul Ball, location: 2F
2-2: Ball
3-2: Foul Ball, location: 2F
3-2: Base on Balls
Pitching: RHP Connor Phelps
Batting: LHB Christian Blair 0-0: Ball
1-0: Called Strike
1-1: Foul Ball, location: 2F
1-2: Foul Ball, location: 2F
1-2: Foul Ball, location: 2F
1-2: Ball
Wild Pitch!
Andrés Chávez to second
2-2: Ball
3-2: Fly out, F8 (Flyball, 8LS)
Batting: RHB Jeffery Campbell 0-0: Foul Ball, location: 2F
0-1: Ball
1-1: Called Strike
1-2: Fly out, F9 (Flyball, 9)
Batting: RHB EP Weston 0-0: Ball
1-0: DOUBLE (Groundball, 5L)
Andrés Chávez scores
Batting: LHB Ye Der 0-0: Foul Ball, location: 2F
0-1: Foul Ball, location: 2F
0-2: SINGLE (Groundball, 25) (infield hit)
EP Weston to third
Batting: RHB Jim Scott 0-0: Ball
1-0: Fly out, F7 (Flyball, 7D)
Top of the 9th over - 1 run(s), 2 hit(s), 0 error(s), 2 left on base; Kingston Township 8 - Chicago 1
BOTTOM OF THE 9TH
Chicago Hawks batting - Pitching for Kingston Township Legion : RHP John Riggleman
Batting: LHB Raúl Aguirre 0-0: Swinging Strike
0-1: Ball
1-1: Foul Ball, location: 2F
1-2: Strikes out looking
Batting: RHB Pablo Trujillo 0-0: Ball
1-0: Ground out 6-3 (Groundball, 56)
Batting: LHB Perry Bothof 0-0: Called Strike
0-1: Called Strike
0-2: Ball
1-2: Strikes out swinging
Bottom of the 9th over - 0 run(s), 0 hit(s), 0 error(s), 0 left on base; Kingston Township 8 - Chicago 1
Monday, March 20th, 2017 - OOTP Baseball 17.12 Build 75